 Dungeon Crawl Stone Soup version 0.32-a0-120-gfac0567ad4 (webtiles) character file.

Game seed: 12485804862035637149

127 zenocrate the Sneak (level 5, -10/27 HPs)
             Began as a Vine Stalker Delver on Feb 6, 2024.
             Mangled by a gnoll
             ... wielding a +0 halberd
              (15 damage)
             ... on level 4 of the Dungeon.
             The game lasted 00:01:01 (772 turns).

zenocrate the Sneak (Vine Stalker Delver)            Turns: 772, Time: 00:01:02

Health: -10/27     AC:  3    Str: 14    XL:     5   Next: 11%
Magic:  0/6        EV: 12    Int: 10    God:
Gold:   51         SH:  0    Dex: 18    Spells: 4/4 levels left

rFire   . . .        a - +0 short sword
rCold   . . .        (no shield)
rNeg    . . .        b - +0 leather armour
rPois   .            (no helmet)
rElec   .            (no cloak)
rCorr   .            (no gloves)
SInv    .            (no boots)
Will    .....        (no amulet)
Stlth   ++++         (no ring)
HPRegen 1.04/turn    (no ring)
MPRegen 0.10/turn

%: guardian spirit
@: no status effects
A: fangs 2, regeneration 1, magic shield, antimagic bite, no potion heal 2
a: no special abilities


You were on level 4 of the Dungeon.
You visited 2 branches of the dungeon, and saw 3 of its levels.

You collected 51 gold pieces.

Inventory:

Hand Weapons
 a - a +0 short sword (weapon)
Armour
 b - a +0 leather armour (worn)
Wands
 g - a wand of digging (3)
 l - a wand of mindburst (21)
Scrolls
 c - 2 scrolls of fog
 d - 2 scrolls of revelation
 e - a scroll of fear
 i - a scroll of poison {unknown}
 k - 3 scrolls of teleportation {unknown}
 n - a scroll of torment {unknown}
 o - a scroll of noise {unknown}
Potions
 f - a potion of haste
 h - a potion of curing {unknown}
 j - a potion of lignification {unknown}
 m - a potion of resistance {unknown}


   Skills:
 - Level 2.6 Fighting
 + Level 3.5 Short Blades
 - Level 1.5 Dodging
 + Level 7.5 Stealth


You had 4 spell levels left.
You didn't know any spells.
Your spell library was empty.

Dungeon Overview and Level Annotations

Branches:
Dungeon (5/15)             Temple (1/1) D:5

Altars:
Cheibriados
Dithmenos
Elyvilon
Hepliaklqana
Kikubaaqudgha
Makhleb
Nemelex Xobeh
Okawaru
Ru
Sif Muna
Trog
Uskayaw
Wu Jian
Yredelemnul
Zin
The Shining One

Annotations:
D:4 Menkaure


Innate Abilities, Weirdness & Mutations

You have extremely sharp teeth.
Your natural rate of healing is unusually fast.
When hurt, damage is shared between your health and your magic reserves.
Your bite disrupts and absorbs the magic of your enemies.
Potions cannot restore your health.


Message History

Moving in this stuff is going to be slow.
You now have 51 gold pieces (gained 10).
Found a ring mail.
Found a stone staircase leading up.
You enter the shallow water.
Moving in this stuff is going to be slow.
You see here a +0 robe.
You enter the shallow water.
Moving in this stuff is going to be slow.
There is a stone staircase leading up here.
You climb upwards.
Level annotation: Menkaure
Found Great Wizards, Vol.
VII.
There is a stone staircase leading down here.
There are monsters nearby!
The helpless gnoll fails to defend itself.
You impale the gnoll!!
You kill the gnoll!
Unknown command.
Unknown command.
The gnoll shouts!
The gnoll hits you with a +0 halberd!
You hit the gnoll but do no damage. You bite the gnoll. You drain its power.
You feel invigorated.
The gnoll is heavily wounded.
The gnoll hits you with a +0 whip. The gnoll barely misses you.
The gnoll hits you with a +0 club.
Unknown command.
The quokka attacks as it pursues you!
The quokka bites you but does no damage.
The gnoll hits you with a +0 club. The gnoll hits you with a +0 whip!
* * * LOW HITPOINT WARNING * * *
The gnoll hits you but does no damage. The quokka misses you.
There is a stone staircase leading down here.
Unknown command.
The gnoll hits you with a +0 club.
* * * LOW HITPOINT WARNING * * *
The gnoll closely misses you.
The gnoll hits you from afar with a +0 halberd!
Ouch! That really hurt!
You die...

#. .# .. #. .##.
#.####...
#....... ###
###...#..##...#
##.....:.....#.#
......ggg......#
#...r@.......
##########.##


You could see 3 gnolls and a quokka.

Vanquished Creatures
  2 hounds (D:5)
  An orc priest (D:5)
  A gnoll (D:4)
  An adder (D:5)
  A shadow imp (D:5)
  A dart slug (D:5)
  2 orcs (D:5)
  An endoplasm (D:4)
  A ball python (D:5)
11 creatures vanquished.

Notes
Turn   | Place    | Note
-------+----------+-------------------------------------------
     0 | D:5      | zenocrate the Vine Stalker Delver began the quest for the
                  | Orb.
     0 | D:5      | Reached XP level 1. HP: 11/11 MP: 2/2
    20 | D:5      | Found a sacrificial altar of Ru.
    36 | D:5      | Noticed a hound
    38 | D:5      | Found a staircase to the Ecumenical Temple.
    46 | D:5      | Killed a hound
    47 | D:5      | Reached XP level 2. HP: 11/16 MP: 0/3
    47 | D:5      | Reached XP level 3. HP: 13/19 MP: 0/4
   164 | Temple   | Entered the Ecumenical Temple
   193 | D:5      | Reached skill level 7 in Stealth
   193 | D:5      | Reached XP level 4. HP: 23/23 MP: 5/5
   238 | D:4      | Noticed Menkaure
   543 | D:5      | Found a shadowy altar of Dithmenos.
   595 | D:5      | Reached XP level 5. HP: 17/27 MP: 3/6
   772 | D:4      | Mangled by a gnoll

Illustrated notes

Levels and vault maps discovered:
D:4:      layout_rooms, dk_xom_monty_hall, uniq_edmund, uniq_eustachio,
          uniq_menkaure
D:5:      layout_loops_cross, lemuel_doored_altar, nicolae_ru_path_of_blood,
          minmay_temple_entry_mini_moons, serial_bayou, serial_bayou_pond_d,
          serial_bayou_crossing, serial_bayou_shore_b, serial_bayou_lake_a,
          serial_shops, shop, chequers_serial_rivers_small_3
Temple:   nicolae_temple_two_arcs

Skill      XL: |  1  2  3 |
---------------+----------+-----
Short Blades   | 2 3 |  3.5
Stealth        | 7 |  7.5
Fighting       | |  2.6
Dodging        | |  1.5

Action                     |  1- 3 |  4- 6 || total
---------------------------+-------+-------++-------
  Melee: Short sword       |     8 |    38 ||    46
         Bite              |       |     8 ||     8
   Stab: Sleeping          |     1 |     2 ||     3
         Distracted        |       |     1 ||     1
 Armour: Leather armour    |     5 |    27 ||    32
  Dodge: Dodged            |     4 |    15 ||    19

Table legend: (Time is in decaauts)
 A = Elapsed time spent in this place.
 B = Non-inter-level travel time spent in this place.
 C = Inter-level travel time spent in this place.
 D = Time resting spent in this place.
 E = Time spent auto-exploring this place.
 F = Levels seen in this place.
 G = Mean time per level.
                   A        B        C        D        E       F      G
               +--------+--------+--------+--------+--------+-----+--------+
         Total |    799 |    667 |    132 |      0 |    536 |   3 |  266.3 |
       Dungeon |    798 |    666 |    132 |      0 |    536 |   2 |  399.0 |
        Temple |      1 |      1 |      0 |      0 |      0 |   1 |    1.0 |
               +--------+--------+--------+--------+--------+-----+--------+

Top non-repeatable levels by time:
     D:5: 783 daAuts
     D:4: 14 daAuts
  Temple: 1 daAuts
